TOP OF THE 1ST |
Kingston Iguanas batting - Pitching for Springfield Simpsons : LHP Alberto Martínez
|
Pitching: LHP Alberto Martínez
|
|
Batting: RHB Jesús Villalobos
|
0-0: Ball 1-0: Fly out, F8 (Flyball, 78D)
|
Batting: RHB Francisco Martínez
|
0-0: Ball 1-0: Foul Ball, location: 2F 1-1: Called Strike 1-2: Strikes out swinging
|
Batting: RHB Luis Aguilar
|
0-0: Ground out 5-3 (Groundball, 56)
|
Top of the 1st over - 0 run(s), 0 hit(s), 0 error(s), 0 left on base; Kingston 0 - Springfield 0 |
BOTTOM OF THE 1ST |
Springfield Simpsons batting - Pitching for Kingston Iguanas : LHP Nick Clayton
|
Pitching: LHP Nick Clayton
|
|
Batting: LHB Jesús Raugel
|
0-0: Ball 1-0: Fly out, F6 (Line Drive, 56)
|
Batting: RHB Taylor Justice
|
0-0: Foul Ball, location: 2F 0-1: Swinging Strike 0-2: Foul Ball, location: 2F 0-2: Strikes out swinging
|
Batting: RHB Marcos Castillo
|
0-0: Ball 1-0: Ball 2-0: Foul Ball, location: 2F 2-1: DOUBLE (Groundball, 5L)
|
Batting: LHB Mitchell Oglethorpe
|
0-0: Foul Ball, location: 2F 0-1: Foul Ball, location: 2F 0-2: Ball 1-2: Ball 2-2: Strikes out looking and he ARGUES THE CALL AND IS TOSSED!
|
Bottom of the 1st over - 0 run(s), 1 hit(s), 0 error(s), 1 left on base; Kingston 0 - Springfield 0 |
TOP OF THE 2ND |
Kingston Iguanas batting - Pitching for Springfield Simpsons : LHP Alberto Martínez
|
Batting: SHB Yasuhiro Ikarashi
|
0-0: Called Strike 0-1: Swinging Strike 0-2: Ball 1-2: Strikes out swinging
|
Batting: RHB Matt Rodríguez
|
0-0: Foul Ball, location: 2F 0-1: Ball 1-1: SINGLE (Line Drive, 34)
|
Batting: RHB Chris McBride
|
0-0: Foul Ball, location: 2F 0-1: Foul Ball, location: 2F 0-2: Strikes out looking
|
Batting: LHB Carlton López
|
0-0: Ball 1-0: Foul Ball, location: 2F 1-1: Ball 2-1: Ground out U3 (Groundball, 3)
|
Top of the 2nd over - 0 run(s), 1 hit(s), 0 error(s), 1 left on base; Kingston 0 - Springfield 0 |
BOTTOM OF THE 2ND |
Springfield Simpsons batting - Pitching for Kingston Iguanas : LHP Nick Clayton
|
Batting: RHB José Velázquez
|
0-0: Ball 1-0: Foul Ball, location: 2F 1-1: Ball 2-1: Ball 3-1: Base on Balls
|
Batting: LHB Raúl Morales
|
0-0: Called Strike 0-1: Foul Ball, location: 2F 0-2: Ball 1-2: Strikes out looking
|
Batting: RHB Bob Carr
|
0-0: Swinging Strike 0-1: Foul Ball, location: 2F 0-2: Foul Ball, location: 2F 0-2: Ball 1-2: Foul Ball, location: 2F 1-2: Ball 2-2: SINGLE (Groundball, 4MD) José Velázquez to second
|
Batting: LHB Bruce Foster
|
0-0: Ball 1-0: Swinging Strike 1-1: Foul Ball, location: 2F 1-2: Ball 2-2: Strikes out swinging
|
Batting: RHB Tomás Galindo
|
0-0: Called Strike 0-1: Ball 1-1: Ball 2-1: Swinging Strike 2-2: Foul Ball, location: 2F 2-2: SINGLE (Flyball, 8LS) José Velázquez to third Bob Carr to second Runner from 3rd tries for Home, SAFE, throw made home Bob Carr to third Tomás Galindo to second
|
Batting: LHB Jesús Raugel
|
0-0: Called Strike 0-1: Foul Ball, location: 2F 0-2: Ball 1-2: Ball 2-2: Foul Ball, location: 2F 2-2: Ball 3-2: Fly out, F8 (Flyball, 89M)
|
Bottom of the 2nd over - 1 run(s), 2 hit(s), 0 error(s), 2 left on base; Kingston 0 - Springfield 1 |
TOP OF THE 3RD |
Kingston Iguanas batting - Pitching for Springfield Simpsons : LHP Alberto Martínez
|
Batting: LHB Will Holt
|
0-0: Ball 1-0: Swinging Strike 1-1: Swinging Strike 1-2: Foul Ball, location: 2F 1-2: Foul Ball, location: 2F 1-2: Foul Ball, location: 2F 1-2: Ball 2-2: Ground out 4-3 (Groundball, 4)
|
Batting: RHB Fred McPhun
|
0-0: Called Strike 0-1: Ball 1-1: Swinging Strike 1-2: Foul Ball, location: 2F 1-2: SINGLE (Flyball, 6MD)
|
Batting: RHB Jesús Villalobos
|
0-0: Called Strike 0-1: Called Strike 0-2: Strikes out swinging
|
Batting: RHB Francisco Martínez
|
0-0: Fielders Choice at 2nd, 5-4 (Groundball, 5)
|
Top of the 3rd over - 0 run(s), 1 hit(s), 0 error(s), 0 left on base; Kingston 0 - Springfield 1 |
BOTTOM OF THE 3RD |
Springfield Simpsons batting - Pitching for Kingston Iguanas : LHP Nick Clayton
|
Batting: RHB Taylor Justice
|
0-0: Called Strike 0-1: Reached on error, E6 (Groundball, 6)
|
Batting: RHB Marcos Castillo
|
0-0: Fly out, F2 (Popup, 23)
|
Batting: RHB Gustavo Rodríguez
|
0-0: Foul Ball, location: 2F 0-1: Foul Ball, location: 2F 0-2: Ball 1-2: Foul Ball, location: 2F 1-2: Ball 2-2: Ball 3-2: SINGLE (Groundball, 5D) Taylor Justice to second
|
Batting: RHB José Velázquez
|
0-0: Called Strike 0-1: Foul Ball, location: 2F 0-2: Strikes out swinging
|
Batting: LHB Raúl Morales
|
0-0: Ground out 5-3 (Groundball, 56S)
|
Bottom of the 3rd over - 0 run(s), 1 hit(s), 1 error(s), 2 left on base; Kingston 0 - Springfield 1 |
TOP OF THE 4TH |
Kingston Iguanas batting - Pitching for Springfield Simpsons : LHP Alberto Martínez
|
Batting: RHB Luis Aguilar
|
0-0: Ground out 1-3 (Groundball, 15)
|
Batting: SHB Yasuhiro Ikarashi
|
0-0: Ball 1-0: Ball 2-0: Called Strike 2-1: Called Strike 2-2: Foul Ball, location: 2F 2-2: Ball 3-2: Fly out, F7 (Flyball, 78S)
|
Batting: RHB Matt Rodríguez
|
0-0: Ball 1-0: Foul Ball, location: 2F 1-1: Foul Ball, location: 2F 1-2: SINGLE (Groundball, 6MD)
|
Batting: RHB Chris McBride
|
0-0: Ball 1-0: Foul Ball, location: 2F 1-1: Ball 2-1: Ball 3-1: Ground out 6-3 (Groundball, 6M)
|
Top of the 4th over - 0 run(s), 1 hit(s), 0 error(s), 1 left on base; Kingston 0 - Springfield 1 |
BOTTOM OF THE 4TH |
Springfield Simpsons batting - Pitching for Kingston Iguanas : LHP Nick Clayton
|
Batting: RHB Bob Carr
|
0-0: Ground out 5-3 (Groundball, 56)
|
Batting: LHB Bruce Foster
|
0-0: Called Strike 0-1: Ball 1-1: Ball 2-1: Foul Ball, location: 2F 2-2: Fly out, F7 (Line Drive, 7)
|
Batting: RHB Tomás Galindo
|
0-0: Ground out 6-3 (Groundball, 6)
|
Bottom of the 4th over - 0 run(s), 0 hit(s), 0 error(s), 0 left on base; Kingston 0 - Springfield 1 |
TOP OF THE 5TH |
Kingston Iguanas batting - Pitching for Springfield Simpsons : LHP Alberto Martínez
|
Batting: LHB Carlton López
|
0-0: Ground out 6-3 (Groundball, 6M)
|
Batting: LHB Will Holt
|
0-0: Called Strike 0-1: Ball 1-1: Swinging Strike 1-2: Ground out 4-3 (Groundball, 4)
|
Batting: RHB Fred McPhun
|
0-0: Ball 1-0: Foul Ball, location: 2F 1-1: Ball 2-1: Called Strike 2-2: Foul Ball, location: 2F 2-2: Foul Ball, location: 2F 2-2: Ball 3-2: SINGLE (Line Drive, 4D)
|
Batting: RHB Jesús Villalobos
|
0-0: Ball 1-0: Ball 2-0: Called Strike 2-1: DOUBLE (Line Drive, 7) Fred McPhun to third
|
Batting: RHB Francisco Martínez
|
0-0: Foul Ball, location: 2F 0-1: Ball 1-1: Ball 2-1: Ground out 6-3 (Groundball, 56)
|
Top of the 5th over - 0 run(s), 2 hit(s), 0 error(s), 2 left on base; Kingston 0 - Springfield 1 |
BOTTOM OF THE 5TH |
Springfield Simpsons batting - Pitching for Kingston Iguanas : LHP Nick Clayton
|
Batting: LHB Jesús Raugel
|
0-0: Ground out 6-3 (Groundball, 6D)
|
Batting: RHB Taylor Justice
|
0-0: SINGLE (Groundball, 6MD)
|
Batting: RHB Marcos Castillo
|
0-0: Ball 1-0: SINGLE (Groundball, 56D) Taylor Justice to second
|
Batting: RHB Gustavo Rodríguez
|
0-0: Foul Ball, location: 2F 0-1: Swinging Strike 0-2: Ball 1-2: Fly out, F8 (Flyball, 8RS)
|
Batting: RHB José Velázquez
|
0-0: Fly out, F7 (Flyball, 7D)
|
Bottom of the 5th over - 0 run(s), 2 hit(s), 0 error(s), 2 left on base; Kingston 0 - Springfield 1 |
TOP OF THE 6TH |
Kingston Iguanas batting - Pitching for Springfield Simpsons : LHP Alberto Martínez
|
Batting: RHB Luis Aguilar
|
0-0: Called Strike 0-1: Foul Ball, location: 2F 0-2: SINGLE (Groundball, 34D)
|
Batting: SHB Yasuhiro Ikarashi
|
0-0: Ball 1-0: Foul Ball, location: 2F 1-1: Foul Ball, location: 2F 1-2: Hit by Pitch Luis Aguilar to second
|
Batting: RHB Matt Rodríguez
|
0-0: DOUBLE (Line Drive, 9LD) Luis Aguilar scores Yasuhiro Ikarashi to third Runner from 3rd tries for Home, SAFE, no throw
|
Batting: RHB Chris McBride
|
0-0: Foul Ball, location: 2F 0-1: Ground out 5-3 (Groundball, 56S) Matt Rodríguez to third
|
Batting: LHB Carlton López
|
0-0: Intentional Walk
|
Batting: LHB Will Holt
|
0-0: Ball 1-0: Ball 2-0: Foul Ball, location: 2F 2-1: Ball 3-1: Base on Balls Carlton López to second
|
Pitching: LHP Justin Short
|
|
Batting: RHB Fred McPhun
|
0-0: SINGLE (Groundball, 34D) Matt Rodríguez scores Carlton López to third Will Holt to second Runner from 3rd tries for Home, SAFE, throw made home Will Holt to third Fred McPhun to second
|
Batting: RHB Jesús Villalobos
|
0-0: Ball 1-0: Ball 2-0: Called Strike 2-1: Foul Ball, location: 2F 2-2: SINGLE (Line Drive, 8LS) Will Holt scores Fred McPhun to third
|
Batting: RHB Francisco Martínez
|
0-0: Ball 1-0: DOUBLE (Line Drive, 9) Fred McPhun scores Jesús Villalobos to third
|
Batting: RHB Luis Aguilar
|
0-0: Ball 1-0: 3-RUN HOME RUN (Flyball, 78XD), Distance : 377 ft
|
Pitching: RHP Ramón Sánchez
|
|
Batting: SHB Yasuhiro Ikarashi
|
0-0: Ball 1-0: Called Strike 1-1: Fly out, F6 (Popup, 6)
|
Batting: RHB Matt Rodríguez
|
0-0: Ball 1-0: Ball 2-0: Called Strike 2-1: Swinging Strike 2-2: Foul Ball, location: 2F 2-2: SINGLE (Groundball, 6MD)
|
Batting: RHB Chris McBride
|
0-0: Ball 1-0: Ball 2-0: Ball 3-0: Base on Balls Matt Rodríguez to second
|
Batting: LHB Carlton López
|
0-0: Swinging Strike 0-1: Swinging Strike 0-2: Ground out 4-3 (Groundball, 4MS)
|
Top of the 6th over - 9 run(s), 7 hit(s), 0 error(s), 2 left on base; Kingston 9 - Springfield 1 |
BOTTOM OF THE 6TH |
Springfield Simpsons batting - Pitching for Kingston Iguanas : LHP Nick Clayton
|
Batting: LHB Raúl Morales
|
0-0: Ball 1-0: Swinging Strike 1-1: Foul Ball, location: 2F 1-2: Strikes out looking
|
Batting: RHB Bob Carr
|
0-0: Ball 1-0: Ground out 5-3 (Groundball, 56S)
|
Batting: LHB Bruce Foster
|
0-0: Ball 1-0: Swinging Strike 1-1: Ball 2-1: Ball 3-1: Swinging Strike 3-2: Foul Ball, location: 2F 3-2: Fly out, F1 (Line Drive, 13)
|
Bottom of the 6th over - 0 run(s), 0 hit(s), 0 error(s), 0 left on base; Kingston 9 - Springfield 1 |
TOP OF THE 7TH |
Kingston Iguanas batting - Pitching for Springfield Simpsons : RHP Ramón Sánchez
|
Batting: LHB Will Holt
|
0-0: Ball 1-0: SOLO HOME RUN (Flyball, 9D), Distance : 361 ft
|
Batting: RHB Fred McPhun
|
0-0: Foul Ball, location: 2F 0-1: Foul Ball, location: 2F 0-2: Foul Ball, location: 2F 0-2: Strikes out swinging
|
Batting: RHB Jesús Villalobos
|
0-0: Ball 1-0: Ball 2-0: Ball 3-0: Base on Balls
|
Batting: RHB Francisco Martínez
|
0-0: Ground out 5-3 (Groundball, 5S) Jesús Villalobos to second
|
Batting: RHB Luis Aguilar
|
0-0: Ball 1-0: Ball 2-0: SINGLE (Groundball, 4MD) Jesús Villalobos to third Runner from 3rd tries for Home, SAFE, no throw
|
Batting: SHB Yasuhiro Ikarashi
|
0-0: Called Strike 0-1: SINGLE (Groundball, 4MD) Luis Aguilar to second
|
Batting: RHB Matt Rodríguez
|
0-0: Foul Ball, location: 2F 0-1: Ball 1-1: Ball 2-1: Ball 3-1: Base on Balls Luis Aguilar to third Yasuhiro Ikarashi to second
|
Batting: RHB Chris McBride
|
0-0: Fly out, F9 (Flyball, 9)
|
Top of the 7th over - 2 run(s), 3 hit(s), 0 error(s), 3 left on base; Kingston 11 - Springfield 1 |
BOTTOM OF THE 7TH |
Springfield Simpsons batting - Pitching for Kingston Iguanas : LHP Nick Clayton
|
Batting: RHB Tomás Galindo
|
0-0: Ball 1-0: Called Strike 1-1: SINGLE (Line Drive, 7S)
|
Pitching: LHP José Carlos
|
|
Batting: LHB Jesús Raugel
|
0-0: SINGLE (Line Drive, 89S) Tomás Galindo to second Runner from 2nd tries for 3rd, SAFE, throw made to third Jesús Raugel to second
|
Batting: RHB Taylor Justice
|
0-0: Ball 1-0: Single, Error in OF, E9, batter to second base Tomás Galindo scores Jesús Raugel scores
|
Batting: RHB Marcos Castillo
|
0-0: Ball 1-0: Ball 2-0: Ball 3-0: Base on Balls
|
Batting: RHB Gustavo Rodríguez
|
0-0: Ball 1-0: Ball Passed Ball! Taylor Justice to third Marcos Castillo to second 2-0: Ball 3-0: Base on Balls
|
Batting: RHB José Velázquez
|
0-0: Ball 1-0: Ball 2-0: Ball 3-0: Base on Balls Taylor Justice scores Marcos Castillo to third Gustavo Rodríguez to second
|
Batting: LHB Raúl Morales
|
0-0: Called Strike 0-1: Ball 1-1: Ball 2-1: Ball 3-1: Foul Ball, location: 2F 3-2: Base on Balls Marcos Castillo scores Gustavo Rodríguez to third José Velázquez to second
|
Pitching: RHP Chip Cole
|
|
Batting: RHB Bob Carr
|
0-0: Grounds into double play, 5-4-3 (Groundball, 56) Gustavo Rodríguez scores José Velázquez to third
|
Batting: LHB Bruce Foster
|
0-0: Ball 1-0: Ball 2-0: Swinging Strike 2-1: Ball 3-1: Base on Balls
|
Batting: RHB Tomás Galindo
|
0-0: Called Strike 0-1: Ball 1-1: Foul Ball, location: 2F 1-2: SINGLE (Line Drive, 8LS) José Velázquez scores Bruce Foster to second
|
Batting: LHB Jesús Raugel
|
0-0: Foul Ball, location: 2F 0-1: Foul Ball, location: 2F 0-2: Ball 1-2: Strikes out swinging
|
Bottom of the 7th over - 6 run(s), 4 hit(s), 1 error(s), 2 left on base; Kingston 11 - Springfield 7 |
TOP OF THE 8TH |
Kingston Iguanas batting - Pitching for Springfield Simpsons : RHP Ramón Sánchez
|
Pitching: RHP Sixto Santiago
|
|
Batting: LHB Carlton López
|
0-0: Called Strike 0-1: Ball 1-1: Ball 2-1: Ball 3-1: Foul Ball, location: 2F 3-2: Fly out, F3 (Popup, 3L)
|
Batting: LHB Will Holt
|
0-0: Ball 1-0: Ball 2-0: Ball 3-0: Base on Balls
|
Batting: RHB Fred McPhun
|
0-0: Ball 1-0: SINGLE (Groundball, 56D) Will Holt to second
|
Batting: RHB Jesús Villalobos
|
0-0: Called Strike 0-1: Called Strike 0-2: Ball 1-2: TRIPLE (Flyball, 7LM) Will Holt scores Fred McPhun scores
|
Batting: RHB Francisco Martínez
|
0-0: Ball 1-0: Fly out, F9 (Flyball, 9S)
|
Batting: RHB Luis Aguilar
|
0-0: Called Strike 0-1: Foul Ball, location: 2F 0-2: Foul Ball, location: 2F 0-2: Ball 1-2: Strikes out swinging
|
Top of the 8th over - 2 run(s), 2 hit(s), 0 error(s), 1 left on base; Kingston 13 - Springfield 7 |
BOTTOM OF THE 8TH |
Springfield Simpsons batting - Pitching for Kingston Iguanas : RHP Chip Cole
|
Batting: RHB Taylor Justice
|
0-0: Ball 1-0: Swinging Strike 1-1: Swinging Strike 1-2: Ground out 5-3 (Groundball, 56S)
|
Batting: RHB Marcos Castillo
|
0-0: Ball 1-0: Ball 2-0: Foul Ball, location: 2F 2-1: Fly out, F3 (Popup, 3L)
|
Batting: RHB Gustavo Rodríguez
|
0-0: Called Strike 0-1: Ball 1-1: Ball 2-1: Ball 3-1: Base on Balls
|
Batting: RHB José Velázquez
|
0-0: Foul Ball, location: 2F 0-1: Ball 1-1: Ball 2-1: Ball 3-1: Swinging Strike 3-2: Foul Ball, location: 2F 3-2: Base on Balls Gustavo Rodríguez to second
|
Batting: LHB Raúl Morales
|
0-0: Called Strike 0-1: Ground out 3-1 (Groundball, 34S)
|
Bottom of the 8th over - 0 run(s), 0 hit(s), 0 error(s), 2 left on base; Kingston 13 - Springfield 7 |
TOP OF THE 9TH |
Kingston Iguanas batting - Pitching for Springfield Simpsons : RHP Sixto Santiago
|
Batting: SHB Yasuhiro Ikarashi
|
0-0: Ball 1-0: Called Strike 1-1: Ball 2-1: Ball 3-1: Base on Balls
|
Batting: RHB Matt Rodríguez
|
0-0: Ball 1-0: Ball 2-0: Ball 3-0: Called Strike 3-1: Base on Balls Yasuhiro Ikarashi to second
|
Batting: RHB Chris McBride
|
0-0: Ball 1-0: Ball 2-0: Ball 3-0: Called Strike 3-1: Base on Balls Yasuhiro Ikarashi to third Matt Rodríguez to second
|
Batting: LHB Carlton López
|
0-0: Called Strike 0-1: Ball 1-1: Ball 2-1: Called Strike 2-2: Strikes out swinging
|
Batting: LHB Will Holt
|
0-0: Foul Ball, location: 2F 0-1: Ball 1-1: Ball 2-1: Ball 3-1: Foul Ball, location: 2F 3-2: Foul Ball, location: 2F 3-2: Foul Ball, location: 2F 3-2: Strikes out swinging
|
Batting: RHB Fred McPhun
|
0-0: Ball 1-0: Called Strike 1-1: Ball 2-1: Ball 3-1: Foul Ball, location: 2F 3-2: Base on Balls Yasuhiro Ikarashi scores Matt Rodríguez to third Chris McBride to second
|
Pitching: RHP David Nanod
|
|
Batting: RHB Jesús Villalobos
|
0-0: Called Strike 0-1: Ball 1-1: Called Strike 1-2: Ball 2-2: Ball 3-2: Base on Balls Matt Rodríguez scores Chris McBride to third Fred McPhun to second
|
Batting: RHB Francisco Martínez
|
0-0: Ball 1-0: Ball 2-0: Called Strike 2-1: Called Strike 2-2: Fly out, F9 (Flyball, 9S)
|
Top of the 9th over - 2 run(s), 0 hit(s), 0 error(s), 3 left on base; Kingston 15 - Springfield 7 |
BOTTOM OF THE 9TH |
Springfield Simpsons batting - Pitching for Kingston Iguanas : RHP Chip Cole
|
Batting: RHB Bob Carr
|
0-0: Ground out 5-3 (Groundball, 56)
|
Now at 3B: Bobby Armstrong
|
|
Batting: LHB Bruce Foster
|
0-0: Ball 1-0: Called Strike 1-1: Ball 2-1: Ball 3-1: Fly out, F7 (Flyball, 7S)
|
Batting: RHB Tomás Galindo
|
0-0: Ball 1-0: Foul Ball, location: 2F 1-1: Ball 2-1: Foul Ball, location: 2F 2-2: Foul Ball, location: 2F 2-2: Foul Ball, location: 2F 2-2: Ground out 5-3 (Groundball, 56)
|
Bottom of the 9th over - 0 run(s), 0 hit(s), 0 error(s), 0 left on base; Kingston 15 - Springfield 7 |
|